Cogmind - Beta 11.2 @@@ ROGUE MODE // 2022.12.25 @ 17:59:57 // Winter2022/Polymind Player: K.Ioz Result: Self-destructed Performance ------------- Evolutions (2) 1000 Regions Visited (5) 1000 Robots Destroyed (0) 0 Value Destroyed (0) 0 Prototype IDs (0) 0 Alien Tech Used (0) 0 Bonus (2527) 2527 TOTAL SCORE: 4447 Bonus ------- Polymind Skill 2057 Pacifist 470 Cogmind --------- Core Integrity 550/550 Matter 0/0 Energy 48/50 System Corruption 0% Temperature Cool (0) Movement Rolling (80) Location -8/Storage Parts ------- > --- POWER (1) -------- Light Ion Engine > --- PROPULSION (2) --- Wheel Wheel > --- UTILITY (3) ------ Structural Scanner Terrain Scan Processor > --- WEAPON (1) ------- (None) > --- INVENTORY (0) ---- (None) Peak State ------------ > --- POWER ------------ Light Ion Engine > --- PROPULSION ------- Wheel Wheel > --- UTILITY ---------- Structural Scanner Terrain Scanner Terrain Scan Processor > --- WEAPON ----------- Welding Torch > --- INVENTORY -------- (None) [Rating: 8] Favorites ----------- Power Light Ion Engine Engine Light Ion Engine Propulsion Wheel Wheel Wheel Utility Structural Scanner Device Structural Scanner Storage Small Storage Unit Processor Terrain Scan Processor Weapon Mining Laser Special Weapon Mining Laser Build | -11 -10 -10 -9 -8 -8 ------- Run | Scr Mat Min Mat Mat Sto Slots Evolved . | . . . . . . Power . | . . . . . . Propulsion . | . . . . . . Utility . | . . . . . . Weapon . | . . . . . . Parts Attached . | . . . . . . Power . | . . . . . . Engine . | . . . . . . Core . | . . . . . . Reactor . | . . . . . . Propulsion . | . . . . . . Treads . | . . . . . . Leg . | . . . . . . Wheel . | . . . . . . Hover . | . . . . . . Flight . | . . . . . . Utility . | . . . . . . Device . | . . . . . . Storage . | . . . . . . Processor . | . . . . . . Hackware . | . . . . . . Protection . | . . . . . . Artifact . | . . . . . . Weapon . | . . . . . . Energy Gun . | . . . . . . Energy Cannon . | . . . . . . Ballistic Gun . | . . . . . . Ballistic Cannon . | . . . . . . Launcher . | . . . . . . Special Weapon . | . . . . . . Impact Weapon . | . . . . . . Slashing Weapon . | . . . . . . Piercing Weapon . | . . . . . . Special Melee Weapon . | . . . . . . Unidentified Prototypes . | . . . . . . Parts Lost 4 | . 1 1 1 1 . Power 1 | . . 1 . . . Propulsion . | . . . . . . Utility 1 | . . . . 1 . Weapon 2 | . 1 . 1 . . Highest Loss Streak 1 | . 1 1 1 1 . To Critical Strikes . | . . . . . . Average Slot Usage (%) 83 | . 77 87 77 85 71 Engine 15 | . 10 16 23 14 14 Wheel 35 | . 21 38 46 28 28 Device 18 | . 21 19 4 28 14 Storage 3 | . . 5 . . . Processor 4 | . 10 . 2 14 14 Special Weapon 5 | . 10 6 1 . . Naked Turns 53 | . 43 8 2 . . Heaviest Build 9 | . 6 9 6 5 4 Greatest Support 32 | 3 20 32 20 20 20 Greatest Overweight (x) . | . . . . . . Average Overweight (x) . | . . . . . . Largest Inventory Capacity 4 | . . 4 1 . . Average Capacity . | . . 1 . . . Most Carried 1 | . . 1 . . . Average Carried . | . . . . . . Final Capacity 1 | . . 1 . . . Final Carried . | . . . . . . Class Distribution -------------------- 28% | Builder 26% | Worker 22% | Tunneler 17% | Recycler 5% | Cogmind Dominant Class ---------------- Builder | -10/Materials Tunneler | -10/Mines Worker | -9/Materials Builder | -8/Materials Builder | -8/Storage Resources | -11 -10 -10 -9 -8 -8 ----------- Run | Scr Mat Min Mat Mat Sto Matter Collected . | . . . . . . Remotely . | . . . . . . Salvage Created . | . . . . . . Parts . | . . . . . . Haulers Intercepted . | . . . . . . Recyclers Shooed . | . . . . . . Parts Field Recycled . | . . . . . . Retrieved Matter . | . . . . . . Parts Self-Destructed . | . . . . . . Prevented . | . . . . . . Kills | -11 -10 -10 -9 -8 -8 ------- Run | Scr Mat Min Mat Mat Sto Combat Hostiles Destroyed . | . . . . . . Classes Destroyed . | . . . . . . Best Kill Streak . | . . . . . . Combat Bots Only . | . . . . . . Max Kills in Single Turn . | . . . . . . Gunslinging . | . . . . . . Exploded . | . . . . . . Melee . | . . . . . . Uniques/NPCs Destroyed . | . . . . . . Combat | -11 -10 -10 -9 -8 -8 -------- Run | Scr Mat Min Mat Mat Sto Damage Taken 527 | . 174 210 112 31 . Core 209 | . 108 89 12 . . Absorbed by Shields . | . . . . . . Core Remaining (%) 72 | 100 . 21 97 . . Volleys Fired 3 | . . 3 . . . Largest 1 | . . 1 . . . Hottest 100 | . . 100 . . . Shots Fired 3 | . . 3 . . . Gun . | . . . . . . Cannon . | . . . . . . Launcher . | . . . . . . Special 3 | . . 3 . . . Kinetic . | . . . . . . Thermal 3 | . . 3 . . . Explosive . | . . . . . . Electromagnetic . | . . . . . . Robot Hit Streak . | . . . . . . Robot Miss Streak . | . . . . . . Penetration Max . | . . . . . . Secondary Targets . | . . . . . . Shots Hit Robots . | . . . . . . Core Hits . | . . . . . . Critical Kills . | . . . . . . Critical Parts Destroyed . | . . . . . . Critical Strikes . | . . . . . . Melee Attacks . | . . . . . . Impact . | . . . . . . Slashing . | . . . . . . Piercing . | . . . . . . Sneak Attacks . | . . . . . . Combat Hostiles . | . . . . . . Follow-up Attacks . | . . . . . . Damage Inflicted . | . . . . . . Guns . | . . . . . . Cannons . | . . . . . . Explosions . | . . . . . . Melee . | . . . . . . Ramming . | . . . . . . Kinetic . | . . . . . . Thermal . | . . . . . . Explosive . | . . . . . . Electromagnetic . | . . . . . . Impact . | . . . . . . Slashing . | . . . . . . Piercing . | . . . . . . Highest Corruption . | . . . . . . Average Corruption . | . . . . . . Corruption Purged . | . . . . . . Corruption Blocked . | . . . . . . Overload Shots . | . . . . . . Overflow Damage . | . . . . . . Projectiles . | . . . . . . Explosions . | . . . . . . Melee . | . . . . . . Knockbacks . | . . . . . . Impact . | . . . . . . Kinetic . | . . . . . . Secondary . | . . . . . . Self-Inflicted Damage . | . . . . . . Shots . | . . . . . . Rammed . | . . . . . . Targets Rammed . | . . . . . . Kicked . | . . . . . . Crushed . | . . . . . . Highest Temperature 80 | . 11 80 17 1 . Average Temperature 31 | . 4 40 7 1 . Received Heat Transfer 183 | . 96 18 60 9 . Siege Activations . | . . . . . . Robots Corrupted . | . . . . . . Combat Hostiles . | . . . . . . Parts Fried . | . . . . . . Impact Corruptions . | . . . . . . Robots Melted . | . . . . . . Combat Hostiles . | . . . . . . Parts Melted . | . . . . . . Heat Transferred . | . . . . . . Parts Sabotaged . | . . . . . . Parts Stolen . | . . . . . . Parts Stripped . | . . . . . . Power Chain Reactions . | . . . . . . Missiles Intercepted . | . . . . . . Alert | -11 -10 -10 -9 -8 -8 ------- Run | Scr Mat Min Mat Mat Sto Peak Influence 228 | . 105 89 228 146 61 Initial 96 | . . 36 . 96 61 Average 53 | . 66 40 84 98 61 Maximum Alert Level 1 | . . . 1 . . Low Security (%) 98 | 100 100 100 87 100 100 Level 1 1 | . . . 12 . . Level 2 . | . . . . . . Level 3 . | . . . . . . Level 4 . | . . . . . . Level 5 . | . . . . . . High Security . | . . . . . . Max Security . | . . . . . . Squads Dispatched 3 | . 2 . 1 . . Investigation . | . . . . . . Extermination . | . . . . . . Reinforcement 3 | . 2 . 1 . . Assault . | . . . . . . Garrison . | . . . . . . Intercept . | . . . . . . Searches Triggered . | . . . . . . Construction Impeded . | . . . . . . Haulers Reinforced . | . . . . . . Active Scanning Responses . | . . . . . . Cargo Convoy Interrupts . | . . . . . . Stealth | -11 -10 -10 -9 -8 -8 --------- Run | Scr Mat Min Mat Mat Sto Distress Signals 1 | . . 1 . . . Communications Jammed . | . . . . . . Distress Signals . | . . . . . . Times Spotted 33 | . 17 3 12 1 . Peak Tracking Total 7 | . 7 2 6 . . Tactical Retreats 3 | . 2 1 . . . Traps | -11 -10 -10 -9 -8 -8 ------- Run | Scr Mat Min Mat Mat Sto Traps Triggered . | . . . . . . Indirectly . | . . . . . . Trap Hack Attempts . | . . . . . . Triggered . | . . . . . . Disarmed . | . . . . . . Reprogrammed . | . . . . . . Reused . | . . . . . . Traps Extracted . | . . . . . . Installed . | . . . . . . Triggered . | . . . . . . Machines | -11 -10 -10 -9 -8 -8 ---------- Run | Scr Mat Min Mat Mat Sto Machines Disabled . | . . . . . . Max in Single Turn . | . . . . . . Machines Sabotaged . | . . . . . . Garrisons Compromised . | . . . . . . Overloaded Fab Kills . | . . . . . . Hacking | -11 -10 -10 -9 -8 -8 --------- Run | Scr Mat Min Mat Mat Sto Machines Accessed . | . . . . . . Terminals . | . . . . . . Fabricators . | . . . . . . Repair Stations . | . . . . . . Recycling Units . | . . . . . . Scanalyzers . | . . . . . . Garrison Access . | . . . . . . Total Hacks . | . . . . . . Successful . | . . . . . . Failed . | . . . . . . Catastrophic . | . . . . . . Database Lockouts . | . . . . . . Manual . | . . . . . . Terminals . | . . . . . . Fabricators . | . . . . . . Repair Stations . | . . . . . . Recycling Units . | . . . . . . Scanalyzers . | . . . . . . Garrison Access . | . . . . . . Terminal Hacks . | . . . . . . Fabricator Hacks . | . . . . . . Repair Station Hacks . | . . . . . . Recycling Unit Hacks . | . . . . . . Scanalyzer . | . . . . . . Garrison Access Hacks . | . . . . . . Unauthorized Hacks . | . . . . . . Terminals . | . . . . . . Fabricators . | . . . . . . Repair Stations . | . . . . . . Recycling Units . | . . . . . . Scanalyzers . | . . . . . . Garrison Access . | . . . . . . Data Cores Recovered . | . . . . . . Used . | . . . . . . Hacking Detections . | . . . . . . Full Trace Events . | . . . . . . Feedback Events . | . . . . . . Feedback Blocked . | . . . . . . Robot Schematics Acquired . | . . . . . . Robots Built . | . . . . . . Authchips . | . . . . . . Time . | . . . . . . Total Robot Build Rating . | . . . . . . Part Schematics Acquired . | . . . . . . Parts Built . | . . . . . . Authchips . | . . . . . . Time . | . . . . . . Total Part Build Rating . | . . . . . . Parts Repaired . | . . . . . . Time . | . . . . . . Parts Recycled . | . . . . . . Recycled Matter . | . . . . . . Retrieved Matter . | . . . . . . Retrieved Components . | . . . . . . Parts Scanalyzed . | . . . . . . Part Schematics Acquired . | . . . . . . Parts Damaged . | . . . . . . Bothacking | -11 -10 -10 -9 -8 -8 ------------ Run | Scr Mat Min Mat Mat Sto Used RIF Installer . | . . . . . . Robots Hacked 2 | . 1 . 1 . . Non-combat 2 | . 1 . 1 . . Combat . | . . . . . . Robot Hacks Applied 2 | . 1 . 1 . . map_walls 2 | . 1 . 1 . . Relay Couplers Released . | . . . . . . Fabnet Peak Effective % . | . . . . . . Robots Rewired . | . . . . . . Allies Hacked . | . . . . . . Hacks Repelled . | . . . . . . Allies | -11 -10 -10 -9 -8 -8 -------- Run | Scr Mat Min Mat Mat Sto Total Allies . | . . . . . . Largest Group . | . . . . . . Highest-Rated Group . | . . . . . . Highest-Rated Ally . | . . . . . . Total Orders . | . . . . . . Ally Attacks . | . . . . . . Total Damage . | . . . . . . Kills . | . . . . . . Allies Corrupted . | . . . . . . Allies Melted . | . . . . . . Intel | -11 -10 -10 -9 -8 -8 ------- Run | Scr Mat Min Mat Mat Sto Robot Analysis Total 4 | . 1 3 . . . Derelict Logs Recovered 1 | . . 1 . . . Drone Launches . | . . . . . . Drone Recoveries . | . . . . . . Exploration | -11 -10 -10 -9 -8 -8 ------------- Run | Scr Mat Min Mat Mat Sto Turns Passed 1033 | 35 181 582 135 75 25 Spaces Moved 1187 | 70 155 668 170 93 31 Core 175 | 70 84 17 4 . . Treads . | . . . . . . Legs . | . . . . . . Wheels 1012 | . 71 651 166 93 31 Hover . | . . . . . . Flight . | . . . . . . Fastest Speed 50 | 50 50 50 50 80 80 Average Speed 78 | 50 63 84 79 80 80 Slowest Speed 100 | 50 80 100 80 80 80 Overloaded Moves . | . . . . . . Propulsion Burnouts . | . . . . . . Robots Hopped . | . . . . . . Cave-ins Triggered 1 | . . 1 . . . Exploration Rate (%) 28 | 3 38 91 19 11 8 Regions Visited 5 Branch Regions 2 Pre-discovered Areas . | . . . . . . Known Exits Taken . | . . . . . . Unknown Exits Taken 5 | 1 1 1 1 1 . Scrap Searched 1 | . . 1 . . . Spaces Dug 3 | . . 3 . . . Terrain Destroyed 3 | . . 3 . . . Melee . | . . . . . . Projectile 3 | . . 3 . . . AOE . | . . . . . . Terrain Rammed . | . . . . . . Walls Destroyed . | . . . . . . Machines Disabled . | . . . . . . Actions | -11 -10 -10 -9 -8 -8 --------- Run | Scr Mat Min Mat Mat Sto Total 1275 | 69 236 677 169 93 31 Wait 89 | . 82 6 . 1 . Move 1181 | 69 154 666 169 92 31 Hop . | . . . . . . Pick Up 1 | . . 1 . . . Fast Attach . | . . . . . . Attach . | . . . . . . Detach . | . . . . . . Swap . | . . . . . . Drop . | . . . . . . Fire 3 | . . 3 . . . Melee . | . . . . . . Ram . | . . . . . . Kick . | . . . . . . Crush . | . . . . . . Escape Stasis 1 | . . 1 . . . Rewire . | . . . . . . Trap . | . . . . . . Miscellaneous . | . . . . . . Route ------- -11/Scrapyard -10/Materials (discovered 2 exits: *Mat / [*Min]) -10/Mines (discovered 2 exits: *Mat x2) -9/Materials (discovered 2 exits: [*Mat] / Min) -8/Materials -8/Storage History --------- Turn | Location | Event 10 | -11/Scrapyard | Discovered new exit (range 15) 36 | -11/Scrapyard | Entered Materials 105 | -10/Materials | Discovered new exit (range 14) 123 | -10/Materials | Discovered new exit (range 13) 217 | -10/Materials | Entered Mines 315 | -10/Mines | Learned 2 Materials zone layouts 495 | -10/Mines | Assembled infested the area 549 | -10/Mines | Core integrity fell below 50% 750 | -10/Mines | Crushed by falling debris 772 | -10/Mines | Discovered new exit (range 7) 789 | -10/Mines | Discovered new exit (range 10) 799 | -10/Mines | Entered Materials 800 | -9/Materials | Identified exit to Mines 923 | -9/Materials | Discovered new exit (range 14) 934 | -9/Materials | Entered another Materials area 993 | -8/Materials | Discovered new exit (range 14) 1009 | -8/Materials | Entered Storage 1034 | -8/Storage | Self-destructed Last Messages --------------- 00911_ K-01 Serf collects debris. 00912_ Took control of K-01 Serf. 00913_ U-05 Engineer builds a Door. 00913_ Released control of K-01 Serf. 00914_ Took control of K-01 Serf. 00915_ Released control of K-01 Serf. 00915_ K-01 Serf collects debris. 00915_ Took control of U-05 Engineer. 00923_ EXIT=FOUND 00926_ Welding Torch destroyed. LOCATION=UNKNOWN GOAL=ESCAPE Thematically, traveling to another map via stairs or doorway is not an instant process. The transition abstracts away an implied amount of uneventful corridors along the way, during which any pursuers were lost and it is too dangerous to backtrack without being caught. 00993_ EXIT=FOUND 01007_ Terrain Scanner destroyed. LOCATION=UNKNOWN GOAL=ESCAPE Map ----- +----------------------------------------------------+ | | | | | ???????????????###################???????? | | ???????????????## ##???????? | | ??????????????? # ##???????? | | ??????????????? + ##???????? | | ??????????????? # ##???????? | | ??????????????? # """ #####???????? | | ???????????????### """ #####???????? | | ???????????????### """ ##??????????? | | ????????????????## ##??????????? | | ????????????????## ##??????????? | | ????????????????## """ ##??????????? | | ????????????????## """ ### ????????? | | ???????????????? # """ ### ????????? | | ???????????????? + # ????????? | | ???????????????? # + ????????? | | ???????????????? # "T" # ????????? | | ????????????????###+######+##+## ????????? | | ???????????????? # ## ????????? | | ??????????????????????? # ##?????????? | | ??????????????????????? # ##?????????? | | ??????????????????????? # ! ##?????????? | | ??????????????????????? #! ##?????????? | | ??????????????????????? # ##?????????? | | ??????????????????????? #u !a##?????????? | | ??????????????????????? # ! ##?????????? | | ??????????????????????? # ##?????????? | | ???????????????????????##] !##?????????? | | ??????????????????????? # ##?????????? | | ??????????????????????? # ##?????????? | | ??????????????????????? ########?????????? | | ??????????????????????? ######T#?????????? | | ?????????????????????????????????????????? | | ?????????????????????????????????????????? | | ?????????????????????????????????????????? | | ?????????????????????????????????????????? | | ?????????????????????????????????????????? | | ?????????????????????????????????????????? | | ?????????????????????????????????????????? | | ?????????????????????????????????????????? | | ?????????????????????????????????????????? | | ?????????????????????????????????????????? | | ?????????????????????????????????????????? | | ?????????????????????????????????????????? | | ?????????????????????????????????????????? | | ?????????????????????????????????????????? | | ?????????????????????????????????????????? | | ?????????????????????????????????????????? | | ?????????????????????????????????????????? | +----------------------------------------------------+ Best States ------------- Heat Dissipation 25 Energy Generation 10 Energy Capacity 100 Sight Range 16 Terrain Scan Range 16 Terrain Scan Density 85 Evasion (%) 50 Item Schematics ----------------- None Robot Schematics ------------------ None Fabricated ------------ Nothing Alien Tech Used ----------------- None Achievements -------------- None Challenges ------------ None Polymind | -11 -10 -10 -9 -8 -8 ---------- Run | Scr Mat Min Mat Mat Sto Robots Controlled 8 | . 1 4 3 . . Combat Hostiles . | . . . . . . Allies . | . . . . . . Classes Controlled 4 | . 1 3 . . . Average Host Suspicion 74 | . 100 79 66 26 5 Unsuspicious Activity 244 | . . 120 124 . . Returns to Shadow 1 | . . 1 . . . Fuzzy Dispatches . | . . . . . . Protomatter Created 60 | . . 60 . . . Used 40 | . 5 20 15 . . Decayed 8 | . . 8 . . . Highest Spend 5 | . 5 5 5 . . Game ------ Seed ModifiedDiametricGenerator Manual? 0 Play Time 00:14:07 Cumulative 182.5 hours Start 2022.12.25 @ 17:45:28 End 2022.12.25 @ 17:59:57 Sessions 1 Manual Loads 0 Difficulty Rogue Special Mode Winter2022/Polymind Game No. 132 Rogue 99 Adventurer 0 Explorer 33 Win Type - Total 4 Types 4/0/0/0/0/0/0/0/0 Lore% 59 Gallery% 63 Achievement% 58 Wizard Run 0 Options --------- ASCII 1 Keyboard 1 Movement Vi Keybinds 0 Fullscreen 1 Font 18/SmallcapsGlow Map View 76x50 Tactical HUD 1 Map Filters NONE Filters LOW_CONTRAST(47,30,31) Steam 1 RUN: c27500ae-7f48-46cc-be4f-b6e127815442